 Dungeon Crawl Stone Soup version 0.28-a0-1404-g4df0f3684d (webtiles) character file.

Game seed: 7978840264682471874

1213 rogsnak the Conjurer (level 8, -3/53 HPs)
             Began as a Demonspawn Air Elementalist on Jan 5, 2022.
             Was a Follower of Sif Muna.
             Succumbed to a gnoll sergeant's poison
             ... on level 6 of the Dungeon.
             The game lasted 00:09:56 (5890 turns).

rogsnak the Conjurer (Demonspawn Air Elementalist)  Turns: 5890, Time: 00:09:57

Health: -3/53      AC:  7    Str:  9    XL:     8   Next: 22%
Magic:  7/15       EV: 12    Int: 18    God:    Sif Muna [*.....]
Gold:   282        SH:  0    Dex: 14    Spells: 9/17 levels left

rFire   . . .      SeeInvis .   p - +8 glaive of the Guard {elec, spectral, AC+5}
rCold   . . .      Faith    .   (shield currently unavailable)
rNeg    . . .      Spirit   .   a - +0 robe
rPois   .          Reflect  .   (no helmet)
rElec   .          Harm     .   (no cloak)
rCorr   .          Rampage  .   (no gloves)
Will    +....                   (no boots)
Stlth   ++........              (no amulet)
HPRegen 0.17/turn               l - ring of willpower
MPRegen 0.14/turn               (no ring)

@: lethally poisoned (-3 -> -29)
A: demonic guardian 2, powered by pain 1
a: Renounce Religion, Channel Magic


You were on level 6 of the Dungeon.
You worshipped Sif Muna.
Sif Muna was aware of your devotion.
You visited 2 branches of the dungeon, and saw 7 of its levels.

You collected 282 gold pieces.

Inventory:

Hand Weapons
 b - a +4 dagger of venom
 p - the +8 glaive of the Guard (weapon) {elec, spectral, AC+5}
   (You found it on level 3 of the Dungeon)

   It occasionally discharges a powerful burst of electricity upon striking a
   foe.
   When it strikes, its spirit leaps out and fights alongside the wielder.
   AC:        It affects your AC (+5).
Armour
 a - a +0 robe (worn)
Jewellery
 l - a ring of willpower (left hand)
Wands
 e - a wand of digging (5)
 q - a wand of flame (15)
 s - a wand of polymorph (11)
Scrolls
 d - 2 scrolls of blinking {unknown}
 f - 2 scrolls of teleportation {unknown}
 g - a scroll of silence {unknown}
 i - a scroll of identify {unknown}
 m - a scroll of immolation {unknown}
 n - a scroll of amnesia {unknown}
 u - a scroll of fear {unknown}
Potions
 c - a potion of might {unknown}
 h - a potion of heal wounds {unknown}
 j - a potion of invisibility {unknown}
 k - 2 potions of attraction {unknown}
 o - a potion of magic {unknown}
 r - a potion of mutation {unknown}
 t - a potion of curing {unknown}
 v - a potion of resistance {unknown}


   Skills:
 + Level 0.5 Fighting
 + Level 2.3 Dodging
 - Level 1.7 Stealth
 + Level 5.1 Spellcasting
 * Level 5.9 Conjurations
 + Level 5.6 Air Magic


You had 9 spell levels left.
You knew the following spells:

 Your Spells              Type           Power      Damage    Failure   Level
a - Shock                 Conj/Air       100%       1d9       1%          1
b - Swiftness             Air            25%        N/A       3%          3
c - Airstrike             Air            12%        N/A       13%         4

Your spell library contained the following spells:

 Spells                   Type           Power      Damage    Failure   Level
 Static Discharge         Conj/Air       25%        N/A       1%          2
 Mephitic Cloud           Conj/Pois/Air  18%        N/A       8%          3
 Ignite Poison            Fire/Tmut/Pois 4%         N/A       36%         3
 Freezing Cloud           Conj/Ice/Air   9%         6-21      58%         5


Dungeon Overview and Level Annotations

Branches:
Dungeon (6/15)             Temple (1/1) D:4

Altars:
Ashenzari
Dithmenos
Fedhas
Gozag
Hepliaklqana
Kikubaaqudgha
Makhleb
Nemelex Xobeh
Okawaru
Qazlal
Ru
Sif Muna
Trog
Wu Jian
Xom
Yredelemnul
Zin
The Shining One

Shops:
D:1 !

Annotations:
D:3 fragbeetle's ghost, amateur DrTm
D:5 1 runed translucent door, ambi's ghost, novice DrBe


Innate Abilities, Weirdness & Mutations

A demonic guardian rushes to your aid.
You sometimes gain a little power by taking damage.


Message History

Confirm with . or Enter, or press ? or * to list all spells.
The spell is quite dangerous to miscast (13% risk of failure)!
Continue anyway?
Aiming: Airstrike (quite dangerous; 13% risk of failure)
Press: ? - help, Dir - move target, f - gnoll sergeant
Aim: a gnoll sergeant, wielding a +1 spear of venom and wearing a +0 scale mail (empty space bonus: 6/8)
The air twists around and strikes the gnoll sergeant!
The gnoll sergeant is moderately wounded.
You feel sick.
You hear an angry hiss.
The gnoll sergeant hits you from afar with a +1 spear of venom.
You are more poisoned.
Unknown command.
Casting: Airstrike (quite dangerous; 13% risk of failure)
Confirm with . or Enter, or press ? or * to list all spells.
The spell is quite dangerous to miscast (13% risk of failure)!
Continue anyway?
Aiming: Airstrike (quite dangerous; 13% risk of failure)
Press: ? - help, Dir - move target, f/p - gnoll sergeant
Aim: a gnoll sergeant, wielding a +1 spear of venom and wearing a +0 scale mail (moderately wounded, empty space bonus: 6/8)
The air twists around and strikes the gnoll sergeant!
The gnoll sergeant is severely wounded.
You feel very sick. The gnoll sergeant barely misses you.
Unknown command.
You tear a large gash into the net.
You feel sick.
The gnoll sergeant hits you from afar with a +1 spear of venom!
You are lethally poisoned!
A gnoll comes into view. It is wielding a +0 halberd.
You struggle against the net.
* * * LOW HITPOINT WARNING * * *
You feel very sick. The gnoll sergeant barely misses you.
You shred the net and break free!
* * * LOW HITPOINT WARNING * * *
You feel very sick.
The gnoll sergeant hits you from afar with a +1 spear of venom.
* * * LOW HITPOINT WARNING * * *
A demonic guardian appears!
You are more poisoned.
The gnoll hits you but does no damage.
You die...

### ##.######
#.......###
###......#.##
#.4.##...#..# ##
#.@####.....## #..
##..#.#......##
....###).....##....#
......gg.....##..)##
.......g....#.#####
....#......##...# ...
#.....###...###. ..
#...#............
.....##.#............


You could see a gnoll sergeant, 2 gnolls and a friendly ice devil (summoned).

Vanquished Creatures
  Prince Ribbit (D:5)
  Grinder (D:4)
  An ice beast (D:5)
  An ogre (D:2)
  A gnoll sergeant (D:4)
  3 scorpions
  A hound (D:4)
  2 iguanas (D:4)
  2 orc wizards (D:5)
  A hound skeleton (D:4)
  4 adders
  11 gnolls
  An adder skeleton (D:4)
  An adder zombie (D:5)
  A worm (D:3)
  3 dart slugs
  16 orcs
  10 ball pythons
  2 endoplasms
  7 goblins
  6 hobgoblins
  7 jackals (D:1)
  6 kobolds
  7 quokkas
  8 bats
  4 frilled lizards
  4 rats
112 creatures vanquished.

Vanquished Creatures (collateral kills)
  A gnoll (D:4)
  An orc (D:4)
2 creatures vanquished.

Vanquished Creatures (others)
  2 withered plants (D:5)
2 creatures vanquished.

Grand Total: 116 creatures vanquished

Notes
Turn   | Place    | Note
-------+----------+-------------------------------------------
     0 | D:1      | rogsnak the Demonspawn Air Elementalist began the quest for
                  | the Orb.
     0 | D:1      | Reached XP level 1. HP: 13/13 MP: 3/3
   204 | D:1      | Gained mutation: A weak demonic guardian rushes to your
                  | aid. [demonic ancestry]
   204 | D:1      | Reached XP level 2. HP: 19/19 MP: 0/5
   376 | D:1      | Found Kicvy's Distillery.
   499 | D:1      | Found a faded altar of an unknown god.
   891 | D:1      | Reached XP level 3. HP: 24/24 MP: 4/6
  1197 | D:2      | Noticed an ogre
  1266 | D:2      | Killed an ogre
  1267 | D:2      | Reached XP level 4. HP: 30/30 MP: 1/8
  1562 | D:2      | Gained mutation: A demonic guardian rushes to your aid.
                  | [demonic ancestry]
  1562 | D:2      | Reached XP level 5. HP: 35/35 MP: 6/9
  3327 | D:3      | Found a runed translucent gate.
  3327 | D:3      | Found a runed translucent gate.
  3327 | D:3      | Found a runed translucent gate.
  3350 | D:3      | Found the +8 glaive of the Guard {elec, spectral, AC+5}
  3408 | D:3      | Noticed fragbeetle's ghost (amateur DrTm)
  3416 | D:3      | Learned a level 3 spell: Swiftness
  3421 | D:3      | Learned a level 4 spell: Airstrike
  3508 | D:4      | Noticed Grinder
  3519 | D:4      | Killed Grinder
  3520 | D:4      | Gained mutation: You sometimes gain a little power by
                  | taking damage. [demonic ancestry]
  3520 | D:4      | Reached XP level 6. HP: 23/41 MP: 1/11
  3785 | D:4      | Found a staircase to the Ecumenical Temple.
  3796 | Temple   | Entered the Ecumenical Temple
  3864 | Temple   | Became a worshipper of Sif Muna the Loreminder
  3925 | D:4      | Reached XP level 7. HP: 46/46 MP: 9/13
  4343 | D:4      | Reached skill level 5 in Air Magic
  4888 | D:5      | Entered Level 5 of the Dungeon
  4925 | D:5      | Reached skill level 5 in Conjurations
  4961 | D:5      | Noticed Prince Ribbit
  5201 | D:5      | Reached * piety under Sif Muna
  5297 | D:5      | Killed Prince Ribbit
  5298 | D:5      | Reached XP level 8. HP: 39/53 MP: 9/15
  5399 | D:5      | Found a runed translucent door.
  5399 | D:5      | Noticed ambi's ghost (novice DrBe)
  5440 | D:5      | Found a hazy altar of Hepliaklqana.
  5491 | D:5      | Reached skill level 5 in Spellcasting
  5890 | D:6      | Succumbed to a gnoll sergeant's poison

Illustrated notes

Levels and vault maps discovered:
D:1:      evilmike_arrival_come_back, layout_loops_cross,
          chequers_ecumenical_altar_simple_redux, serial_shops, shop,
          minmay_3d_cube
D:2:      layout_basic, basic_altar
D:3:      layout_loops_corners, ebering_ghost_rock_garden
D:4:      layout_layer_cave, temple_pool_b, kennysheep_generic_room_13,
          uniq_grinder
D:5:      layout_loops_ring, worldfamousw_hep_ancestral_shrine,
          gammafunk_ghost_grave, uniq_prince_ribbit1
D:6:      layout_cave_pools, serial_shops, shop, minmay_misc_feat_iff,
          nicolae_good_shop, uniq_pikel
Temple:   mainiacjoe_temple_coin_purse

Skill      XL: |  1  2  3  4  5  6  7  8 |
---------------+-------------------------+-----
Air Magic      | 3 4 5 |  5.6
Dodging        | 2 |  2.3
Conjurations   | 2 4 5 |  5.9
Spellcasting   | 3 4 5 |  5.1
Fighting       | |  0.5
Stealth        | |  1.7

Action                   |  1- 3 |  4- 6 |  7- 9 || total
-------------------------+-------+-------+-------++-------
Melee: Unarmed           |     2 |       |       ||     2
       Dagger            |       |    10 |       ||    10
       Glaive            |       |     6 |    23 ||    29
 Cast: Shock             |    55 |    93 |    59 ||   207
       Airstrike         |       |     1 |     3 ||     4
Armor: Robe              |     1 |     2 |     6 ||     9
Dodge: Dodged            |     3 |    14 |    11 ||    28

Table legend: (Time is in decaauts)
 A = Elapsed time spent in this place.
 B = Non-inter-level travel time spent in this place.
 C = Inter-level travel time spent in this place.
 D = Time resting spent in this place.
 E = Time spent auto-exploring this place.
 F = Levels seen in this place.
 G = Mean time per level.
                   A        B        C        D        E       F      G
               +--------+--------+--------+--------+--------+-----+--------+
         Total |   5915 |   5715 |    200 |    375 |   4478 |   7 |  845.0 |
       Dungeon |   5838 |   5638 |    200 |    375 |   4427 |   6 |  973.0 |
        Temple |     77 |     77 |      0 |      0 |     51 |   1 |   77.0 |
               +--------+--------+--------+--------+--------+-----+--------+

Top non-repeatable levels by time:
     D:3: 1368 daAuts
     D:4: 1218 daAuts
     D:1: 1181 daAuts
     D:2: 1059 daAuts
     D:5: 961 daAuts
  Temple: 77 daAuts
     D:6: 49 daAuts
